Map: 缀蓝秋原-天梯版

Players

IIIIIIIII

  • Race: Terran Terran

电脑难度(新手) - Winner!

  • Race: Protoss Protoss

VOD

Have the link to the VOD?

Description

Time

  • Played on: Dec. 25, 2018, 9:59 p.m.
  • Length: 11:17
Show
View Real Time Build Order
Export as new Build Order

IIIIIIIII Terran 

Build Orders: Reaper Expand 

Get SALT Encoding   

  12  0:01  SCV  
  13  0:13  SCV  
  14  0:18  Supply Depot  
  14  0:26  SCV  
  15  0:40  Refinery  
  15  0:42  Barracks  
  15  0:45  SCV  
  16  0:57  SCV  
  17  1:10  SCV  
  18  1:22  SCV  
  19  1:29  Reaper  
  20  1:38  Orbital Command  
  20  1:51  Command Center  
  20  2:02  Supply Depot  
  20  2:06  SCV  
  20  2:07  Barracks Tech Lab  
  21  2:16  Factory  
  21  2:25  Marauder  
  23  2:30  Refinery  
  23  2:31  SCV  
  24  2:43  SCV  
  25  2:47  Marauder  
  27  2:56  SCV  
  28  3:01  Starport  
  28  3:03  Orbital Command  
  28  3:05  Factory Tech Lab  
  28  3:09  SCV  
  29  3:13  Marauder  
  31  3:22  SCV  
  31  3:24  Siege Tank  
  35  3:29  SCV  
  36  3:35  Marauder  
  36  3:38  SCV, Supply Depot  
  36  3:41  SCV  
  40  3:50  SCV  
  40  3:55  SCV  
  42  3:56  Siege Tank  
  42  4:00  Marauder  
  47  4:03  SCV, Supply Depot  
  47  4:07  SCV  
  49  4:15  SCV  
  50  4:19  Bunker  
  50  4:25  SCV  
  50  4:26  Supply Depot, Bunker  
  50  4:28  Marine  
  50  4:29  Siege Tank  
  55  4:37  SCV x2  
  57  4:43  Command Center  
  57  4:47  Marine  
  57  4:50  Refinery x2  
  58  4:58  SCV x2  
  60  5:01  Armory  
  60  5:13  SCV  
  61  5:16  Marine, Factory Tech Lab  
  61  5:17  Stimpack  
  61  5:21  SCV, Starport  
  63  5:22  Barracks  
  63  5:28  Barracks  
  64  5:35  SCV  
  64  5:38  SCV  
  65  5:44  Widow Mine  
  65  5:45  Marine  
  65  5:49  Drilling Claws  
  68  5:51  Terran Ship Weapons Level 1  
  68  5:52  SCV x2  
  68  5:55  Orbital Command  
  70  6:00  Starport Reactor  
  71  6:04  SCV, Engineering Bay  
  71  6:06  Widow Mine  
  71  6:08  Engineering Bay  
  71  6:09  Barracks Reactor  
  71  6:10  Marine  
  75  6:11  SCV  
  75  6:22  Orbital Command  
  75  6:25  Combat Shield, Supply Depot  
  75  6:26  Marine, Refinery x2  
  75  6:28  Marine  
  75  6:29  SCV, Supply Depot  
  75  6:30  SCV, Terran Infantry Weapons Level 1  
  79  6:37  Starport  
  79  6:40  Fusion Core  
  79  6:42  SCV x2  
  79  6:45  Liberator  
  81  6:47  SCV  
  84  6:55  Supply Depot  
  84  6:56  Supply Depot  
  84  6:57  SCV x2  
  84  7:00  Viking  
  86  7:04  SCV  
  90  7:09  SCV x2  
  92  7:15  Terran Infantry Armor Level 1  
  92  7:18  Marine x2  
  92  7:19  Factory Reactor, SCV  
  92  7:20  Liberator  
  92  7:21  SCV x2  
  97  7:25  Supply Depot  
  97  7:28  Advanced Ballistics  
  97  7:29  Liberator  
  97  7:31  SCV  
  97  7:33  SCV, Supply Depot  
  101  7:39  SCV  
  101  7:43  SCV  
  106  7:45  SCV  
  106  7:47  Sensor Tower  
  106  7:48  Marine x2  
  112  7:53  Missile Turret  
  112  7:57  SCV  
  113  8:00  Supply Depot  
  113  8:02  Supply Depot  
  113  8:03  Liberator  
  113  8:04  Marine x2  
  117  8:06  Concussive Shells, Widow Mine  
  117  8:07  Terran Ship Weapons Level 2  
  117  8:09  Marine x2  
  119  8:16  Liberator  
  119  8:18  Command Center  
  119  8:22  Marine x2  
  119  8:24  Liberator, Terran Infantry Weapons Level 2  
  119  8:26  Marine  
  119  8:27  Marine  
  124  8:30  Supply Depot  
  129  8:35  Supply Depot  
  129  8:40  Marine x2  
  131  8:44  Marine  
  135  8:50  Marine  
  135  8:54  Supply Depot  
  136  8:55  Supply Depot  
  136  8:57  Liberator x2  
  136  8:58  Marine x2, Factory Reactor, SCV x2, Barracks  
  136  8:59  Barracks, Liberator  
  140  9:03  Supply Depot  
  140  9:04  Marine  
  140  9:06  Supply Depot  
  140  9:07  Liberator  
  140  9:08  Marine  
  140  9:09  SCV  
  143  9:15  Marine  
  153  9:25  Missile Turret x2  
  153  9:26  Missile Turret  
  153  9:27  Marine x2  
  153  9:28  Supply Depot  
  158  9:31  Command Center  
  158  9:38  Marine  
  158  9:39  Marine  
  158  9:40  Refinery, Liberator x2  
  158  9:44  Refinery, Missile Turret  
  160  9:47  Marine x2  
  160  9:52  Barracks Reactor  
  162  9:55  Barracks Reactor  
  162  9:56  Marine, Liberator, Missile Turret  
  169  10:05  Planetary Fortress  
  169  10:11  Marine x3  
  175  10:16  Liberator  
  175  10:21  Marine  
  176  10:29  Marine  
  176  10:31  Marine  
  176  10:32  Marine x5  
  176  10:34  Widow Mine x2  
  190  10:43  Barracks  
  190  10:45  Orbital Command  
  190  10:46  Barracks, Ghost Academy  
  190  10:47  Barracks  
  190  10:50  Marine x2  
  197  11:06  Starport  
  197  11:10  Command Center  
Show
View Real Time Build Order
Export as new Build Order

电脑难度(新手) Protoss - Winner!

Build Orders: 1 Gate Expand, Nexus First 

Get SALT Encoding   

  12  0:00  Probe  
  13  0:13  Probe  
  14  0:20  Pylon  
  14  0:43  Gateway  
  14  1:01  Nexus  
  14  1:20  Pylon  
  14  1:22  Zealot  
  14  1:24  Assimilator  
  16  1:37  Cybernetics Core  
  16  1:39  Probe  
  17  1:51  Probe  
  18  2:02  Probe, Assimilator  
  18  2:08  Stalker  
  19  2:10  Probe  
  22  2:16  Warp Gate  
  22  2:20  Probe  
  23  2:25  Probe  
  24  2:34  Probe  
  25  2:41  Probe  
  26  2:49  Probe  
  26  2:50  Pylon  
  27  2:56  Probe  
  28  3:01  Probe  
  29  3:10  Probe  
  30  3:13  Probe  
  30  3:18  Robotics Facility  
  31  3:25  Probe  
  31  3:26  Zealot  
  34  3:32  Probe  
  35  3:39  Probe  
  36  3:46  Probe  
  37  3:51  Assimilator  
  37  3:53  Probe  
  38  4:00  Observer, Probe  
  39  4:05  Assimilator  
  39  4:07  Probe  
  41  4:12  Probe  
  41  4:16  Observer  
  42  4:22  Probe  
  44  4:25  Probe  
  45  4:33  Pylon  
  45  4:36  Probe  
  45  4:37  Sentry  
  48  4:43  Probe  
  49  4:50  Probe  
  49  4:58  Probe  
  50  10:24  Warp Prism  
  50  10:33  Stalker  
  50  10:34  Gateway  
  50  10:35  Robotics Bay  
  54  10:36  Stargate  
  54  10:39  Pylon  
Tags
 
Add a new tag
Caveats
  • Supply blocks, unpowered buildings, or Contaminate may cause inaccurate times.
  • Supply counts are checked every 10 seconds.